HSSL
TACOMA HS TORCHMEN @ SANTA FE HS CHIEFS
04/11/2026
 
TOP OF THE 1ST
Tacoma HS Torchmen batting - Pitching for Santa Fe HS Chiefs : RHP Bob Holland
Pitching: RHP Bob Holland
Batting: RHB Ray Bray 0-0: Ball
1-0: Ball
2-0: Ball
3-0: Base on Balls
Batting: RHB Dexter Wooten 0-0: Ball
Ray Bray is caught stealing 2nd base
1-0: Ball
2-0: Ball
3-0: Called Strike
3-1: Called Strike
3-2: Foul Ball, location: 2F
3-2: Strikes out looking
Batting: RHB Millard Ferguson 0-0: Ball
1-0: Ball
2-0: Ball
3-0: Called Strike
3-1: Foul Ball, location: 2F
3-2: Base on Balls
Batting: RHB Harold Allen 0-0: Called Strike
0-1: Ball
1-1: SINGLE (Groundball, 6)
Millard Ferguson to second
Batting: RHB Edison Jones 0-0: Ball
Passed Ball!
Millard Ferguson to third
Harold Allen to second
1-0: Ball
2-0: Ball
3-0: Swinging Strike
3-1: Base on Balls
Batting: RHB Kel Turner 0-0: Called Strike
0-1: Foul Ball, location: 2F
0-2: Ball
1-2: Ball
2-2: Fielders Choice at 2nd, U4 (Groundball, 4M)
Top of the 1st over - 0 run(s), 1 hit(s), 0 error(s), 3 left on base; Tacoma HS 0 - Santa Fe HS 0
BOTTOM OF THE 1ST
Santa Fe HS Chiefs batting - Pitching for Tacoma HS Torchmen : RHP Rich Puckett
Pitching: RHP Rich Puckett
Batting: RHB William Todd 0-0: Called Strike
0-1: Foul Ball, location: 2F
0-2: Foul Ball, location: 2F
0-2: SINGLE (Groundball, 34D)
Batting: RHB Thomas Barnes 0-0: Ball
Wild Pitch!
William Todd to second
1-0: SINGLE (Flyball, 9S) - OUT at second base trying to stretch hit.
William Todd scores
Batting: LHB Derrek Robinson 0-0: Ground out 4-3 (Groundball, 4)
Batting: SHB Rick Hilton 0-0: Fly out, F9 (Flyball, 89M)
Bottom of the 1st over - 1 run(s), 2 hit(s), 0 error(s), 0 left on base; Tacoma HS 0 - Santa Fe HS 1
TOP OF THE 2ND
Tacoma HS Torchmen batting - Pitching for Santa Fe HS Chiefs : RHP Bob Holland
Batting: RHB Doug Wells 0-0: Ball
1-0: Ball
2-0: SINGLE (Line Drive, 78S)
Batting: RHB Dave MacGruder 0-0: Ball
1-0: Ball
2-0: Foul Ball, location: 2F
2-1: Foul Ball, location: 2F
2-2: Strikes out swinging
Batting: RHB Scotty Sherman 0-0: Ball
1-0: Ball
2-0: Ball
3-0: Base on Balls
Doug Wells to second
Batting: RHB Ray Bray 0-0: Fly out, F9 (Flyball, 9M)
Batting: RHB Dexter Wooten 0-0: Ball
1-0: Ball
2-0: Called Strike
2-1: Foul Ball, location: 2F
2-2: Strikes out swinging
Top of the 2nd over - 0 run(s), 1 hit(s), 0 error(s), 2 left on base; Tacoma HS 0 - Santa Fe HS 1
BOTTOM OF THE 2ND
Santa Fe HS Chiefs batting - Pitching for Tacoma HS Torchmen : RHP Rich Puckett
Batting: LHB Adrian Neal 0-0: Called Strike
0-1: Ball
1-1: Ball
2-1: Ground out 4-3 (Groundball, 4)
Batting: RHB Carlos Gómez 0-0: Ball
1-0: Ground out 5-3 (Groundball, 56S)
Batting: LHB William Mitchell 0-0: Ball
1-0: Called Strike
1-1: Foul Ball, location: 2F
1-2: Ball
2-2: Ball
3-2: Base on Balls
Batting: LHB Paul Starr 0-0: Ground out 1-3 (Groundball, 13)
Bottom of the 2nd over - 0 run(s), 0 hit(s), 0 error(s), 1 left on base; Tacoma HS 0 - Santa Fe HS 1
TOP OF THE 3RD
Tacoma HS Torchmen batting - Pitching for Santa Fe HS Chiefs : RHP Bob Holland
Batting: RHB Millard Ferguson 0-0: Ball
1-0: Fly out, F8 (Flyball, 8LM)
Batting: RHB Harold Allen 0-0: Called Strike
0-1: Ground out 6-3 (Groundball, 6)
Batting: RHB Edison Jones 0-0: Swinging Strike
0-1: Ball
1-1: SINGLE (Groundball, 6)
Batting: RHB Kel Turner 0-0: Swinging Strike
0-1: Ball
1-1: Ball
2-1: Foul Ball, location: 2F
2-2: Strikes out swinging
Top of the 3rd over - 0 run(s), 1 hit(s), 0 error(s), 1 left on base; Tacoma HS 0 - Santa Fe HS 1
BOTTOM OF THE 3RD
Santa Fe HS Chiefs batting - Pitching for Tacoma HS Torchmen : RHP Rich Puckett
Batting: RHB Brady Holland 0-0: Ball
1-0: Ball
2-0: Ball
3-0: Called Strike
3-1: Foul Ball, location: 2F
3-2: Foul Ball, location: 2F
3-2: Foul Ball, location: 2F
3-2: Base on Balls
Batting: RHB William Todd 0-0: Ground out 3-1 (Groundball, 34)
Brady Holland to second
Batting: RHB Thomas Barnes 0-0: Ball
1-0: Ball
2-0: Foul Ball, location: 2F
2-1: Foul Ball, location: 2F
2-2: Ball
3-2: Base on Balls
Batting: LHB Derrek Robinson 0-0: Called Strike
0-1: Fly out, F7 (Flyball, 78M)
Batting: SHB Rick Hilton 0-0: Ball
1-0: Ball
2-0: Ball
3-0: Called Strike
3-1: Called Strike
3-2: Strikes out looking
Bottom of the 3rd over - 0 run(s), 0 hit(s), 0 error(s), 2 left on base; Tacoma HS 0 - Santa Fe HS 1
TOP OF THE 4TH
Tacoma HS Torchmen batting - Pitching for Santa Fe HS Chiefs : RHP Bob Holland
Batting: RHB Doug Wells 0-0: Called Strike
0-1: Swinging Strike
0-2: Ball
1-2: Ball
2-2: Ball
3-2: Base on Balls
Batting: RHB Dave MacGruder 0-0: Called Strike
0-1: Ball
1-1: Ball
2-1: Ball
3-1: DOUBLE (Groundball, 5L)
Doug Wells to third
Batting: RHB Scotty Sherman 0-0: Swinging Strike
0-1: Foul Ball, location: 2F
0-2: Strikes out looking
Batting: RHB Ray Bray 0-0: Ball
1-0: Swinging Strike
1-1: Ball
2-1: Swinging Strike
2-2: Foul Ball, location: 2F
2-2: Ball
3-2: Strikes out swinging
Pitching: RHP Cullen Rivera
Batting: RHB Dexter Wooten 0-0: Ball
1-0: Reached on error, E6 (Groundball, 6S)
Doug Wells scores
Dave MacGruder scores
Batting: RHB Millard Ferguson 0-0: Ground out 6-3 (Groundball, 6M)
Top of the 4th over - 2 run(s), 1 hit(s), 1 error(s), 1 left on base; Tacoma HS 2 - Santa Fe HS 1
BOTTOM OF THE 4TH
Santa Fe HS Chiefs batting - Pitching for Tacoma HS Torchmen : RHP Rich Puckett
Batting: LHB Adrian Neal 0-0: Ball
1-0: Called Strike
1-1: Fly out, F8 (Flyball, 8RM)
Batting: RHB Carlos Gómez 0-0: Foul Ball, location: 2F
0-1: Foul Ball, location: 2F
0-2: Strikes out looking
Batting: LHB William Mitchell 0-0: Swinging Strike
0-1: Called Strike
0-2: Strikes out looking
Bottom of the 4th over - 0 run(s), 0 hit(s), 0 error(s), 0 left on base; Tacoma HS 2 - Santa Fe HS 1
TOP OF THE 5TH
Tacoma HS Torchmen batting - Pitching for Santa Fe HS Chiefs : RHP Cullen Rivera
Batting: RHB Harold Allen 0-0: Fly out, F8 (Flyball, 8RXD)
Batting: RHB Edison Jones 0-0: Ball
1-0: Ball
2-0: Called Strike
2-1: Ball
3-1: Called Strike
3-2: SINGLE (Groundball, 6M)
Batting: RHB Kel Turner 0-0: Ball
1-0: Called Strike
1-1: Ground out 4-3 (Groundball, 13)
Edison Jones to second
Batting: RHB Doug Wells 0-0: Ground out 5-3 (Groundball, 5S)
Top of the 5th over - 0 run(s), 1 hit(s), 0 error(s), 1 left on base; Tacoma HS 2 - Santa Fe HS 1
BOTTOM OF THE 5TH
Santa Fe HS Chiefs batting - Pitching for Tacoma HS Torchmen : RHP Sam King
Pitching: RHP Sam King
Batting: LHB Paul Starr 0-0: Ground out 3-1 (Groundball, 34)
Batting: RHB Brady Holland 0-0: DOUBLE (Flyball, 9LS)
Batting: RHB William Todd 0-0: Swinging Strike
0-1: Called Strike
0-2: Strikes out swinging
Batting: RHB Thomas Barnes 0-0: Called Strike
0-1: Ball
1-1: Ball
2-1: Ball
3-1: Swinging Strike
3-2: DOUBLE (Line Drive, 9LS)
Brady Holland scores
Batting: LHB Derrek Robinson 0-0: Ball
1-0: Swinging Strike
1-1: Ball
2-1: Ball
3-1: Called Strike
3-2: Strikes out looking
Bottom of the 5th over - 1 run(s), 2 hit(s), 0 error(s), 1 left on base; Tacoma HS 2 - Santa Fe HS 2
TOP OF THE 6TH
Tacoma HS Torchmen batting - Pitching for Santa Fe HS Chiefs : RHP Cullen Rivera
Batting: RHB Dave MacGruder 0-0: Ball
1-0: Swinging Strike
1-1: Swinging Strike
1-2: Strikes out swinging
Batting: RHB Scotty Sherman 0-0: SINGLE (Flyball, 6MD)
Batting: RHB Ray Bray 0-0: Ball
1-0: Called Strike
1-1: Ball
2-1: Called Strike
2-2: Ball
3-2: Base on Balls
Scotty Sherman to second
Batting: RHB Dexter Wooten 0-0: Called Strike
0-1: Ball
1-1: Ball
2-1: Called Strike
2-2: SINGLE (Line Drive, 9LS)
Scotty Sherman to third
Ray Bray to second
Runner from 3rd tries for Home, SAFE, throw made home
Ray Bray to third
Dexter Wooten to second
Batting: RHB Millard Ferguson 0-0: Ball
1-0: Ground out 6-3 (Groundball, 6)
Batting: RHB Harold Allen 0-0: Called Strike
0-1: Foul Ball, location: 2F
0-2: Ground out 5-3 (Groundball, 56)
Top of the 6th over - 1 run(s), 2 hit(s), 0 error(s), 2 left on base; Tacoma HS 3 - Santa Fe HS 2
BOTTOM OF THE 6TH
Santa Fe HS Chiefs batting - Pitching for Tacoma HS Torchmen : RHP Sam King
Batting: SHB Rick Hilton 0-0: Foul Ball, location: 2F
0-1: Ball
1-1: Ball
2-1: Foul Ball, location: 2F
2-2: Ball
3-2: Base on Balls
Batting: LHB Adrian Neal 0-0: 2-RUN HOME RUN (Line Drive, 89XD), Distance : 431 ft
Pitching: RHP Ken Henry
Batting: RHB Carlos Gómez 0-0: Ball
1-0: Called Strike
1-1: Swinging Strike
1-2: Fly out, F4 (Line Drive, 4)
Batting: LHB William Mitchell 0-0: Ball
1-0: Swinging Strike
1-1: SINGLE (Line Drive, 6MD)
Batting: LHB Paul Starr 0-0: Ball
1-0: Called Strike
1-1: Ball
2-1: Foul Ball, location: 2F
2-2: Ball
3-2: Foul Ball, location: 2F
3-2: Fly out, F7 (Flyball, 7M)
Batting: RHB Brady Holland 0-0: Called Strike
0-1: Swinging Strike
0-2: Foul Ball, location: 2F
0-2: Ball
William Mitchell is caught stealing 2nd base
Bottom of the 6th over - 2 run(s), 2 hit(s), 0 error(s), 0 left on base; Tacoma HS 3 - Santa Fe HS 4
TOP OF THE 7TH
Tacoma HS Torchmen batting - Pitching for Santa Fe HS Chiefs : RHP Cullen Rivera
Pitching: RHP Jorge Gómez
Batting: RHB Edison Jones 0-0: Foul Ball, location: 2F
0-1: Swinging Strike
0-2: Foul Ball, location: 2F
0-2: Strikes out looking
Batting: RHB Kel Turner 0-0: Ball
1-0: Ball
2-0: SINGLE (Line Drive, 89M)
Batting: RHB Doug Wells 0-0: Ball
Kel Turner is caught stealing 2nd base
1-0: Fly out, F7 (Line Drive, 78M)
Top of the 7th over - 0 run(s), 1 hit(s), 0 error(s), 0 left on base; Tacoma HS 3 - Santa Fe HS 4
BOTTOM OF THE 7TH
Santa Fe HS Chiefs batting - Pitching for Tacoma HS Torchmen : RHP Ken Henry
Batting: RHB Brady Holland 0-0: Called Strike
0-1: Ball
1-1: Fly out, F8 (Flyball, 78M)
Batting: RHB William Todd 0-0: Called Strike
0-1: Ball
1-1: Ball
2-1: Called Strike
2-2: Ball
3-2: Foul Ball, location: 2F
3-2: TRIPLE (Flyball, 7D)
Pitching: RHP Anthony Adams
Batting: RHB Thomas Barnes 0-0: Fly out, F8 (Flyball, 8RM)
Runner from 3rd tags up, SCORES, no throw
Batting: LHB Derrek Robinson 0-0: Ball
1-0: Called Strike
1-1: Foul Ball, location: 2F
1-2: Ball
2-2: Foul Ball, location: 2F
2-2: Strikes out swinging
Bottom of the 7th over - 1 run(s), 1 hit(s), 0 error(s), 0 left on base; Tacoma HS 3 - Santa Fe HS 5
TOP OF THE 8TH
Tacoma HS Torchmen batting - Pitching for Santa Fe HS Chiefs : RHP Jorge Gómez
Batting: RHB Dave MacGruder 0-0: Foul Ball, location: 2F
0-1: Ball
1-1: Ball
2-1: Ground out 5-3 (Groundball, 56)
Batting: RHB Scotty Sherman 0-0: Ball
1-0: Foul Ball, location: 2F
1-1: Ball
2-1: Foul Ball, location: 2F
2-2: Strikes out looking
Batting: RHB Ray Bray 0-0: Called Strike
0-1: Foul Ball, location: 2F
0-2: Ball
1-2: SOLO HOME RUN (Flyball, 7D), Distance : 408 ft
Pitching: RHP Jack Bass
Batting: RHB Dexter Wooten 0-0: Called Strike
0-1: Ball
1-1: Called Strike
1-2: Foul Ball, location: 2F
1-2: Ball
2-2: Ground out 6-3 (Groundball, 6)
Top of the 8th over - 1 run(s), 1 hit(s), 0 error(s), 0 left on base; Tacoma HS 4 - Santa Fe HS 5
BOTTOM OF THE 8TH
Santa Fe HS Chiefs batting - Pitching for Tacoma HS Torchmen : RHP Anthony Adams
Batting: SHB Rick Hilton 0-0: Called Strike
0-1: Ball
1-1: Foul Ball, location: 2F
1-2: Strikes out looking
Batting: LHB Adrian Neal 0-0: Ball
1-0: Called Strike
1-1: Swinging Strike
1-2: Strikes out looking
Batting: RHB Carlos Gómez 0-0: Ball
1-0: Called Strike
1-1: Fly out, F8 (Flyball, 8LM)
Bottom of the 8th over - 0 run(s), 0 hit(s), 0 error(s), 0 left on base; Tacoma HS 4 - Santa Fe HS 5
TOP OF THE 9TH
Tacoma HS Torchmen batting - Pitching for Santa Fe HS Chiefs : RHP Jack Bass
Pitching: LHP Rubén López
Now in RF: Ben Ware
Batting: RHB Millard Ferguson 0-0: Ball
1-0: Called Strike
1-1: Swinging Strike
1-2: Strikes out looking
Batting: RHB Harold Allen 0-0: Ball
1-0: Ball
2-0: Ground out 5-3 (Groundball, 15S)
Batting: RHB Edison Jones 0-0: Foul Ball, location: 2F
0-1: DOUBLE (Line Drive, 7LM)
Pinch Hitting: RHB Rafael Hill 0-0: Foul Ball, location: 2F
0-1: Ball
1-1: Foul Ball, location: 2F
1-2: Ball
2-2: Strikes out swinging
Top of the 9th over - 0 run(s), 1 hit(s), 0 error(s), 1 left on base; Tacoma HS 4 - Santa Fe HS 5
Monday, December 5th, 2016 - OOTP Baseball 17.12 Build 75